 Dungeon Crawl Stone Soup version 0.31-a0-198-g2ad674f65e (webtiles) character file.

Game seed: 14616922842877769815

1812 qw the Skirmisher (level 8, -1/46 HPs)
             Began as a Deep Elf Hunter on June 25, 2023.
             Slain by Pikel
             ... wielding a +2 whip of freezing
              (3 damage)
             ... on level 6 of the Dungeon.
             The game lasted 00:02:32 (4996 turns).

qw the Skirmisher (Deep Elf Hunter)                 Turns: 4996, Time: 00:02:32

Health: -1/46      AC: 13    Str: 10    XL:     8   Next: 84%
Magic:  10/10      EV: 14    Int: 15    God:
Gold:   331        SH:  0    Dex: 24    Spells: 7/7 levels left

rFire   . . .        i - +0 orcbow
rCold   . . .        (shield currently unavailable)
rNeg    . . .        m - +4 ring mail
rPois   .            c - +0 helmet
rElec   .            f - +2 cloak
rCorr   .            (no gloves)
SInv    .            (no boots)
Will    .....        d - amulet of regeneration
Stlth   ++           b - +6 ring of dexterity
HPRegen 1.07/turn    (no ring)
MPRegen 0.12/turn

%: no passive effects
@: no status effects
A: no striking features
a: no special abilities


You were on level 6 of the Dungeon.
You visited 1 branch of the dungeon, and saw 7 of its levels.

You collected 331 gold pieces.


   Skills:
 - Level 3.3 Fighting
 + Level 13.4 Ranged Weapons
 - Level 1.3 Armour
 - Level 6.0 Dodging
 - Level 1.2 Stealth


You had 7 spell levels left.
You didn't know any spells.
Your spell library was empty.

Inventory:

Hand Weapons
 i - a +0 orcbow (weapon)
Armour
 c - a +0 helmet (worn)
 f - a +2 cloak (worn)
 m - a +4 ring mail (worn)
Jewellery
 b - a +6 ring of dexterity (left hand)
 d - an amulet of regeneration (around neck)
 l - a ring of resist corrosion
Scrolls
 e - 4 scrolls of teleportation
 g - a scroll of identify
Potions
 a - 3 potions of cancellation
 h - 2 potions of enlightenment
 j - a potion of attraction {unknown}
 k - a potion of heal wounds {unknown}
 n - a potion of degeneration {unknown}

Dungeon Overview and Level Annotations

Branches:
Dungeon (7/15)
 Temple: D:4-7

Altars:
Uskayaw

Annotations:
D:6 Pikel


Message History

Pikel hits you with a +2 whip of freezing.
Pikel freezes you.
Pikel zaps a wand.
You easily resist.
You feel less confused. Pikel hits you but does no damage.
You shoot an arrow. The arrow closely misses Pikel.
The arrow hits the lemure!
The lemure is severely wounded.
Pikel barely misses you.
You shoot an arrow. The arrow hits Pikel!
Pikel is severely wounded.
Pikel closely misses you.
You shoot an arrow. The arrow misses Pikel.
The arrow closely misses the lemure.
The arrow hits the lemure!
The lemure is severely wounded.
Pikel hits you but does no damage.
You shoot an arrow. The arrow closely misses Pikel.
The arrow completely misses the lemure.
The arrow hits the lemure!
You kill the lemure!
That felt strangely unrewarding.
Pikel barely misses you.
You shoot an arrow. The arrow hits Pikel.
Pikel is severely wounded.
Pikel hits you with a +2 whip of freezing.
Pikel freezes you.
You shoot an arrow. The arrow hits Pikel.
Pikel is almost dead.
Pikel zaps a wand.
Your will is overpowered!
You are confused.
The now-empty wand crumbles to dust.
Pikel hits you with a +2 whip of freezing!
Pikel freezes you. Pikel closely misses you. Pikel misses you.
Pikel hits you but does no damage. Pikel hits you but does no damage.
Pikel closely misses you.
You feel less confused.
Pikel hits you with a +2 whip of freezing.
Pikel freezes you.
You die...

......... ##........#
..#.##### #........#
#.#+## #........# #....#
#........# #....#
#........ #....########
#........ #....'.......
+........
#....###########........
#.#####.........@# #.#
#.########K# #.#####.#
#5# #.......# #.#
######### #.. ..# #.#
#.#


You could see Pikel and a lemure.

Vanquished Creatures
  Maggie (D:6)
  Sigmund (D:2)
  Menkaure (D:4)
  An ice beast (D:6)
  A black bear (D:5)
  A sky beast (D:6)
  2 ogres
  A centaur (D:6)
  3 lemures (D:6)
  2 phantoms
  Blork the orc (D:5)
  2 scorpions
  A jelly (D:6)
  An orc priest (D:3)
  A sleepcap (D:4)
  Natasha (thrice) (D:4)
  2 iguanas
  3 gnolls (D:5)
  7 adders
  A shadow imp (D:5)
  5 worms
  2 dart slugs
  9 orcs
  8 endoplasms
  5 giant cockroaches
  4 hobgoblins
  2 jackals (D:1)
  4 kobolds
  2 quokkas (D:2)
  7 ball pythons
  10 bats
  4 frilled lizards
  9 goblins
  8 rats
115 creatures vanquished.

Notes
Turn   | Place    | Note
-------+----------+-------------------------------------------
     0 | D:1      | qw the Deep Elf Hunter began the quest for the Orb.
     0 | D:1      | Reached XP level 1. HP: 12/12 MP: 3/3
     0 | D:1      | 0 ||| qw: Version: 0.3-a-22-g0ed2b0b
     0 | D:1      | 0 ||| qw: Game counter: 5250
     0 | D:1      | 0 ||| qw: Melee chars always use a shield: true
     0 | D:1      | 0 ||| qw: God list: Okawaru
     0 | D:1      | 0 ||| qw: Allow faded altars: false
     0 | D:1      | 0 ||| qw: Do Orc after clearing Dungeon:15 true
     0 | D:1      | 0 ||| qw: Do second Lair branch before Depths: true
     0 | D:1      | 0 ||| qw: Lair rune preference: random
     0 | D:1      | 0 ||| qw: Goals: Normal
     0 | D:1      | 0 ||| PLANNING D:1-11
   235 | D:1      | Reached XP level 2. HP: 16/16 MP: 4/4
   236 | D:1      | Reached skill level 6 in Ranged Weapons
   830 | D:1      | 830 ||| UPGRADING to +0 scale mail.
   840 | D:1      | 840 ||| DROPPING +0 leather armour.
   841 | D:1      | 841 ||| UPGRADING to +2 cloak.
   846 | D:1      | 846 ||| READING scroll labelled YLOFUPPUWAU.
   847 | D:1      | 847 ||| READING 2 scrolls labelled WAGRYZEZAM.
   848 | D:1      | 848 ||| READING scroll labelled SOAPTA LIARULY.
   849 | D:1      | 849 ||| DROPPING scroll of butterflies.
  1001 | D:2      | Reached XP level 3. HP: 18/20 MP: 5/5
  1035 | D:2      | 1035 ||| READING 2 scrolls of identify.
  1035 | D:2      | 1035 ||| IDENTIFYING pink potion
  1039 | D:2      | 1039 ||| STAIRDANCE
  1181 | D:2      | Reached skill level 7 in Ranged Weapons
  1283 | D:2      | Noticed Sigmund
  1297 | D:2      | Killed Sigmund
  1298 | D:2      | Reached skill level 9 in Ranged Weapons
  1298 | D:2      | Reached XP level 4. HP: 20/25 MP: 6/6
  1298 | D:2      | Reached XP level 5. HP: 23/29 MP: 7/7
  1412 | D:2      | 1412 ||| UPGRADING to +0 helmet.
  1417 | D:2      | 1417 ||| READING scroll labelled GEUDULAMIUSK.
  1420 | D:2      | 1420 ||| STAIRDANCE
  1670 | D:3      | Reached skill level 1 in Armour
  1851 | D:3      | Reached XP level 6. HP: 29/35 MP: 8/8
  2177 | D:3      | Found a hide-covered altar of Uskayaw.
  2238 | D:3      | Found a faded altar of an unknown god.
  2553 | D:3      | 2553 ||| UPGRADING to +0 ring mail.
  2563 | D:3      | 2563 ||| DROPPING +0 scale mail.
  2564 | D:3      | 2564 ||| READING scroll labelled ASTIOM AFIRPH.
  2626 | D:3      | 2626 ||| READING 3 scrolls of identify.
  2626 | D:3      | 2626 ||| IDENTIFYING orange potion
  2627 | D:3      | 2627 ||| READING 2 scrolls of identify.
  2627 | D:3      | 2627 ||| IDENTIFYING white potion
  2628 | D:3      | 2628 ||| DROPPING potion of lignification.
  2992 | D:4      | Reached skill level 10 in Ranged Weapons
  3018 | D:4      | Noticed Natasha
  3021 | D:4      | Killed Natasha
  3158 | D:4      | Reached skill level 3 in Dodging
  3415 | D:4      | Noticed Natasha
  3419 | D:4      | Killed Natasha
  3420 | D:4      | Reached XP level 7. HP: 40/40 MP: 9/9
  3436 | D:4      | Noticed Menkaure
  3440 | D:4      | 3440 ||| FLEEEEING.
  3441 | D:4      | 3441 ||| FLEEEEING.
  3442 | D:4      | 3442 ||| FLEEEEING.
  3443 | D:4      | 3443 ||| FLEEEEING.
  3444 | D:4      | 3444 ||| FLEEEEING.
  3445 | D:4      | 3445 ||| FLEEEEING.
  3446 | D:4      | 3446 ||| FLEEEEING.
  3464 | D:4      | Killed Menkaure
  3586 | D:4      | Noticed Natasha
  3591 | D:4      | Killed Natasha
  3637 | D:4      | 3637 ||| UPGRADING to +4 ring mail.
  3647 | D:4      | 3647 ||| DROPPING +0 ring mail.
  3648 | D:4      | 3648 ||| UPGRADING to amulet of regeneration.
  3653 | D:4      | 3653 ||| READING 2 scrolls labelled DUEDDIMOSM.
  3656 | D:4      | 3656 ||| READING scroll labelled UGEOHOSH FOMO.
  3676 | D:5      | Entered Level 5 of the Dungeon
  3696 | D:5      | Reached skill level 11 in Ranged Weapons
  3965 | D:5      | Reached skill level 12 in Ranged Weapons
  3992 | D:5      | Reached XP level 8. HP: 45/45 MP: 10/10
  4132 | D:5      | Noticed Blork the orc
  4140 | D:5      | Killed Blork the orc
  4141 | D:5      | Reached skill level 3 in Fighting
  4327 | D:5      | 4327 ||| UPGRADING to +6 ring of dexterity.
  4328 | D:5      | 4328 ||| READING scroll labelled KERGHANK DEKUA.
  4329 | D:5      | 4329 ||| READING 2 scrolls of identify.
  4329 | D:5      | 4329 ||| IDENTIFYING bubbling purple potion
  4330 | D:5      | 4330 ||| DROPPING potion of magic.
  4340 | D:6      | Noticed Maggie
  4349 | D:6      | 4349 ||| STAIRDANCE
  4359 | D:6      | 4359 ||| STAIRDANCE
  4377 | D:6      | 4377 ||| STAIRDANCE
  4390 | D:6      | 4390 ||| STAIRDANCE
  4409 | D:6      | 4409 ||| STAIRDANCE
  4430 | D:6      | Killed Maggie
  4431 | D:6      | Reached skill level 6 in Dodging
  4431 | D:6      | 4431 ||| STAIRDANCE
  4516 | D:6      | 4516 ||| FLEEEEING.
  4517 | D:6      | 4517 ||| FLEEEEING.
  4518 | D:6      | 4518 ||| FLEEEEING.
  4519 | D:6      | 4519 ||| FLEEEEING.
  4520 | D:6      | 4520 ||| FLEEEEING.
  4521 | D:6      | 4521 ||| FLEEEEING.
  4522 | D:6      | 4522 ||| FLEEEEING.
  4525 | D:6      | 4525 ||| FLEEEEING.
  4526 | D:6      | 4526 ||| FLEEEEING.
  4557 | D:6      | 4557 ||| SWAPPING to +0 orcbow.
  4558 | D:6      | 4558 ||| DROPPING +1 shortbow.
  4586 | D:6      | You fall into a shaft and drop 1 floor!
  4735 | D:6      | Reached skill level 13 in Ranged Weapons
  4957 | D:6      | Noticed Pikel
  4970 | D:6      | HP: 11/46 [Pikel/+2 whip of freezing (5)]
  4990 | D:6      | HP: 5/46 [Pikel/+2 whip of freezing (12)]
  4990 | D:6      | HP: 2/46 [Pikel/+2 whip of freezing (3)]
  4996 | D:6      | HP: 2/46 [Pikel/+2 whip of freezing (6)]
  4996 | D:6      | Slain by Pikel

Levels and vault maps discovered:
D:1:      elethiomel_arrival_shortcut, layout_basic
D:2:      layout_basic, uniq_sigmund
D:3:      layout_basic, marbit_many_paths, basic_ecumenical_altar,
          grunt_ministairs_15, minmay_misc_feat_tiny, kennysheep_generic_room_6
D:4:      layout_cave_pods, st_stairs_1, minivault_14, grunt_ministairs_13,
          uniq_natasha, uniq_menkaure
D:5:      layout_loops_ring, nicolae_elevator_lobby_asterisk, uniq_blork_the_orc
D:6:      wad_pebble_path, layout_basic, uniq_pikel, uniq_duvessa, uniq_maggie
D:7:      layout_rooms, minmay_temple_entry_purple_smoke

Skill      XL: |  1  2  3  4  5  6  7  8 |
---------------+-------------------------+-----
Ranged Weapons | 6 9 10 12 13 | 13.4
Armour         | 1 |  1.3
Fighting       | 2 3 |  3.3
Dodging        | 3 6 |  6.0
Stealth        | |  1.2

Action                     |  1- 3 |  4- 6 |  7- 9 || total
---------------------------+-------+-------+-------++-------
   Fire: Shortbow          |   123 |   161 |   133 ||   417
         Orcbow            |       |       |    47 ||    47
    Use: Scroll            |     4 |     4 |     4 ||    12
 Armour: Leather armour    |     5 |       |       ||     5
         Scale mail        |    16 |    25 |       ||    41
         Ring mail         |       |    14 |    29 ||    43
  Dodge: Dodged            |    23 |    41 |    45 ||   109

Table legend:
 A = Non-vault XP
 B = Vault XP
 C = Vault XP percentage of total XP
 D = Non-vault monster count
 E = Vault monster count
 F = Vault count percentage of total count
                 A         B        C        D         E       F
            +---------+---------+-------+---------+---------+-------
      Total |    1560 |    1029 |  39.7 |      99 |      13 |  11.6
            +---------+---------+-------+---------+---------+-------
        D:1 |      34 |       0 |   0.0 |      22 |       0 |   0.0
        D:2 |      57 |     210 |  78.7 |      22 |       1 |   4.3
        D:3 |     112 |       8 |   6.7 |      23 |       5 |  17.9
        D:4 |     219 |     317 |  59.1 |      11 |       5 |  31.2
        D:5 |     548 |      99 |  15.3 |      13 |       1 |   7.1
        D:6 |     587 |     395 |  40.2 |       7 |       1 |  12.5
        D:7 |       3 |       0 |   0.0 |       1 |       0 |   0.0
            +---------+---------+-------+---------+---------+-------
